 Dungeon Crawl Stone Soup version 0.19.5 (webtiles) character file.

13 Gargoyl the Skirmisher (level 2, 0/27 HPs)
             Began as a Ghoul Abyssal Knight on May 24, 2017.
             Was an Initiate of Lugonu.
             Slain by a rat (2 damage)
             ... on level 1 of the Dungeon.
             The game lasted 00:01:20 (705 turns).

Gargoyl the Skirmisher (Ghoul Abyssal Knight)        Turns: 705, Time: 00:01:20

Health: 0/27       AC:  3    Str: 15    XL:     2   Next: 37%
Magic:  2/2        EV: 11    Int:  7    God:    Lugonu [......]
Gold:   83         SH:  0    Dex:  8    Spells: 0 memorised, 1 level left

rFire  . . .     SeeInvis .     a - +1 hand axe
rCold  + . .     Gourm    .     b - +0 leather armour
rNeg   + + +     Faith    .     (no shield)
rPois  ∞         Spirit   .     (no helmet)
rElec  .         Reflect  .     (no cloak)
rCorr  .         Harm     .     (no gloves)
MR     .....                    (no boots)
Stlth  +.........               (no amulet)
                                (no ring)
                                (no ring)

@: rotting
A: rotting body, claws 1, carnivore 3, cold resistance 1, negative energy
resistance 3, slow regeneration 1, torment resistance, unbreathing
a: Renounce Religion


You were on level 1 of the Dungeon.
You worshipped Lugonu.
Lugonu was noncommittal.
You were not hungry.

You visited 1 branch of the dungeon, and saw 1 of its levels.
You visited the Abyss 1 time.

You collected 83 gold pieces.

Inventory:

Hand Weapons
 a - a +1 hand axe (weapon)
Armour
 b - a +0 leather armour (worn)
Scrolls
 d - 2 scrolls of identify {unknown}
 f - 2 scrolls of remove curse
Potions
 e - a potion of curing {unknown}
Comestibles
 c - 2 meat rations


   Skills:
 + Level 3.7 Fighting
 + Level 2.0 Axes
 + Level 2.0 Armour
 + Level 1.1 Dodging
 + Level 2.0 Invocations


You had one spell level left.
You didn't know any spells.

Dungeon Overview and Level Annotations

Branches:
Dungeon (1/15)

Altars:


Innate Abilities, Weirdness & Mutations

Your body is rotting away.
You thrive on raw meat.
You are immune to poison.
You have sharp fingernails.
You are carnivorous and can eat meat at any time.
Your flesh is cold resistant. (rC+)
You are immune to negative energy. (rN+++)
You regenerate slowly when monsters are visible.
You are immune to unholy pain and torment.
You can survive without breathing.


Message History

The rat bites you.
* * * LOW HITPOINT WARNING * * *
Unknown command.
Unknown command.
The rat bites you but does no damage. The kobold hits you but does no damage.
Unknown command.
Your leather armour prevents you from hitting the rat.
You barely miss the goblin. You barely miss the kobold. The rat bites you.
* * * LOW HITPOINT WARNING * * *
The kobold hits you with a dagger.
* * * LOW HITPOINT WARNING * * *
The goblin hits you with a dagger.
* * * LOW HITPOINT WARNING * * *
The hobgoblin closely misses you.
You barely miss the rat. You hit the kobold but do no damage.
You barely miss the goblin. You hit the hobgoblin.
The rat bites you but does no damage. The kobold closely misses you.
The goblin closely misses you. The hobgoblin barely misses you.
The rat bites you.
You die...

....# ######....#
##########.!.......#
#........#.........#
#........#.........#
#........#.........#
#........#..........
#........#..@g.....#
#........#.Krg.#+###
#####........#..K..#
.............'((...+
..###........#..)..#
#.# #........#.........
#+#####......######....
......#......# ....
......#......# ...


You could see a hobgoblin, a goblin, 2 kobolds and a rat.

Vanquished Creatures
  An ooze (D:1)
  2 giant cockroaches (D:1)
  A goblin (D:1)
  A hobgoblin (D:1)
  A frilled lizard (D:1)
  A kobold (D:1)
  2 rats (D:1)
9 creatures vanquished.

Notes
Turn   | Place    | Note
-------+----------+-------------------------------------------
     0 | Abyss:1  | Gargoyl the Ghoul Abyssal Knight began the quest for the Orb.
     0 | Abyss:1  | Reached XP level 1. HP: 19/19 MP: 1/1
    86 | Abyss:3  | Noticed a starcursed mass
    87 | D:1      | Escaped the Abyss
   119 | D:1      | Reached skill level 1 in Dodging
   262 | D:1      | Reached XP level 2. HP: 9/26 MP: 2/2
   705 | D:1      | Slain by a rat

Skill      XL: |  1  2 |
---------------+-------+-----
Dodging        | 1 |  1.1
Armour         | 2 |  2.0
Axes           | 2 |  2.0
Fighting       | |  3.7
Invocations    | |  2.0

Action                   || total
-------------------------++-------
Melee: Hand axe          ||    28
Invok: Depart the Abyss  ||     1
  Use: Scroll            ||     2
  Eat: Chunk             ||     4
Armor: Leather armour    ||    11
Dodge: Dodged            ||    30
